 Dungeon Crawl Stone Soup version 0.23-a0-108-gf7ee2ed (webtiles) character file.

0 Amnesiac the Magician (level 1, 0/13 HPs)
             Began as a Mummy Air Elementalist on Aug 21, 2018.
             Slain by a giant cockroach (2 damage)
             ... on level 1 of the Dungeon.
             The game lasted 00:00:31 (63 turns).

Amnesiac the Magician (Mummy Air Elementalist)        Turns: 63, Time: 00:00:32

Health: 0/13       AC:  2    Str: 11    XL:     1   Next: 8%
Magic:  1/4        EV: 12    Int: 14    God:
Gold:   0          SH:  0    Dex: 12    Spells: 4/5 levels left

rFire    x . .     SeeInvis .   (no weapon)
rCold    + . .     Gourm    .   (no shield)
rNeg     + + +     Faith    .   a - +0 robe
rPois    ∞         Spirit   .   (no helmet)
rElec    .         Reflect  .   (no cloak)
rCorr    .         Harm     .   (no gloves)
MR       .....                  (no boots)
Stlth    ++........             (no amulet)
HPRegen  0.04/turn              (no ring)
MPRegen  0.09/turn              (no ring)

@: no status effects
A: no food or potions, fire vulnerability, cold resistance 1, negative energy
resistance 3, torment resistance, unbreathing
a: no special abilities


You were on level 1 of the Dungeon.
You were not hungry.

You visited 1 branch of the dungeon, and saw 2 of its levels.

Inventory:

Armour
 a - a +0 robe (worn)


   Skills:
 - Level 1.5 Dodging
 - Level 1.5 Stealth
 - Level 2.6 Spellcasting
 - Level 0.7 Conjurations
 + Level 2.4 Air Magic


You had 4 spell levels left.
You knew the following spells:

 Your Spells              Type           Power        Failure   Level  Hunger
a - Shock                 Conj/Air       #...         12%         1    N/A

Your spell library contained the following spells:

 Spells                   Type           Power        Failure   Level  Hunger
 Swiftness                Chrm/Air       #.......     21%         2    N/A
 Static Discharge         Conj/Air       #.......     34%         3    N/A
 Airstrike                Air            #.........   63%         4    N/A
 Lightning Bolt           Conj/Air       #.........   97%         5    N/A

Dungeon Overview and Level Annotations

Branches:
Dungeon (2/15)

Altars:

Annotations:
D:2 Robin


Innate Abilities, Weirdness & Mutations

You do not eat or drink.
Your flesh is vulnerable to fire.
You are immune to poison.
Your flesh is cold resistant. (rC+)
You are immune to negative energy. (rN+++)
You are immune to unholy pain and torment.
You can survive without breathing.


Message History

Casting: Shock (safe; 12% risk of failure)
Confirm with . or Enter, or press ? or * to list all spells.
Aiming: Shock (safe; 12% risk of failure)
Press: ? - help, Shift-Dir - straight line, f/p - giant cockroach
Aim: a giant cockroach (heavily wounded, clinging)
The zap misses the giant cockroach.
The zap hits the giant cockroach.
The giant cockroach appears unharmed.
The giant cockroach is heavily wounded.
The giant cockroach barely misses you.
Casting: Shock (safe; 12% risk of failure)
Confirm with . or Enter, or press ? or * to list all spells.
You don't have enough magic to cast that spell.
Casting: Shock (safe; 12% risk of failure)
Confirm with . or Enter, or press ? or * to list all spells.
You don't have enough magic to cast that spell.
The giant cockroach misses you.
Robin of the Strong Arm comes into view.
She is wielding a trident.
Casting: Shock (safe; 12% risk of failure)
Confirm with . or Enter, or press ? or * to list all spells.
Aiming: Shock (safe; 12% risk of failure)
Press: ? - help, Shift-Dir - straight line, p - giant cockroach The zap hits the giant cockroach.
The giant cockroach is severely wounded.
The zap hits Robin.
Robin is moderately wounded.
Robin shouts!
The giant cockroach misses you.
Unknown command.
Robin roars a battlecry!
The giant cockroach closely misses you.
You hear a shout!
You hear a shout!
There is a stone staircase leading up here.
The giant cockroach bites you.
You climb upwards.
There is a stone staircase leading down here.
Found 16 gold pieces.
The hobgoblin hits you.
* * * LOW HITPOINT WARNING * * *
The giant cockroach bites you.
* * * LOW HITPOINT WARNING * * *
Found 18 gold pieces.
The hobgoblin barely misses you.
Found a ruby potion.
Your magical contamination has completely faded away.
Casting: Shock (safe; 12% risk of failure)
Confirm with . or Enter, or press ? or * to list all spells.
Aiming: Shock (safe; 12% risk of failure)
Press: ? - help, Shift-Dir - straight line, f - giant cockroach
Aim: a giant cockroach (severely wounded)
The zap hits the giant cockroach.
The giant cockroach appears unharmed.
The giant cockroach is severely wounded.
The zap hits the giant cockroach.
The giant cockroach appears unharmed.
The giant cockroach is severely wounded.
The giant cockroach barely misses you. The giant cockroach misses you.
Unknown command.
A giant cockroach comes into view.
The giant cockroach closely misses you. x2
A frilled lizard comes into view.
The giant cockroach bites you but does no damage. x2
A hobgoblin comes into view.
The giant cockroach closely misses you. The giant cockroach bites you.
You die...

..
#.g..........
...
#.###.######
.... #.# #.#
.....# #.# #.#
....!.###.#
#g#
....$.....#
#.# .........#
#.#
##....$..###s#
#........@s.#
#.......#####
#####.#.#
####.#.##
#.......#
#.......#
#.....>.#
#.......#
#########


You could see 2 giant cockroaches.

Vanquished Creatures
  A goblin (D:2)
1 creature vanquished.

Notes
Turn   | Place    | Note
-------+----------+-------------------------------------------
     0 | D:1      | Amnesiac the Mummy Air Elementalist began the quest for the Orb.
     0 | D:1      | Reached XP level 1. HP: 13/13 MP: 4/4
    32 | D:2      | Noticed Robin
    63 | D:1      | Slain by a giant cockroach

Vault maps used:
D:1:      dpeg_arrival_refuge
D:2:      fedhas_altar_2, uniq_robin

Action                   || total
-------------------------++-------
 Cast: Shock             ||     5
Armor: Robe              ||     3
Dodge: Dodged            ||    11

Table legend:
 A = Non-vault XP
 B = Vault XP
 C = Vault XP percentage of total XP
 D = Non-vault monster count
 E = Vault monster count
 F = Vault count percentage of total count
                 A         B        C        D         E       F
            +---------+---------+-------+---------+---------+-------
      Total |       0 |       1 | 100.0 |       0 |       1 | 100.0
            +---------+---------+-------+---------+---------+-------
        D:2 |       0 |       1 | 100.0 |       0 |       1 | 100.0
            +---------+---------+-------+---------+---------+-------
